 Dungeon Crawl Stone Soup version 0.20-a0-739-g6bb112f (webtiles) character file.

8372 polly the Grappler (level 11, -1/76 HPs)
             Began as a Demonspawn Gladiator on Feb 25, 2017.
             Was a High Priest of Okawaru.
             Killed from afar by an electric eel (8 damage)
             ... with a bolt of electricity
             ... on level 10 of the Dungeon.
             The game lasted 00:19:03 (11410 turns).

polly the Grappler (Demonspawn Gladiator)          Turns: 11410, Time: 00:19:03

Health: -1/76      AC: 18    Str: 17    XL:     11   Next: 9%
Magic:  11/11      EV:  7    Int:  9    God:    Okawaru [*****.]
Gold:   1162       SH: 10    Dex: 16    Spells: 10/10 levels left

rFire    . . .     SeeInvis .     - Unarmed
rCold    . . .     Gourm    .   w - +0 plate armour
rNeg     + . .     Faith    .   y - +0 buckler (curse)
rPois    .         Spirit   .   c - +1 helmet
rElec    .         Reflect  +   D - +0 cloak
rCorr    .         Harm     .   (no gloves)
MR       .....                  (no boots)
Stlth    ..........             a - +5 amulet of reflection
Regen    0.3/turn               g - +6 ring of slaying
MPRegen  0.2/turn               n - ring of positive energy

@: no status effects
A: claws 2, yellow scales 1, spiny 2, augmentation 1, rot immunity
a: Heroism, Finesse, Renounce Religion


You were on level 10 of the Dungeon.
You worshipped Okawaru.
Okawaru was extremely pleased with you.
You were not hungry.

You visited 1 branch of the dungeon, and saw 10 of its levels.
You also visited: Bailey.

You collected 1162 gold pieces.

Inventory:

Missiles
 d - 13 throwing nets (quivered)
 C - 7 poisoned javelins
Armour
 c - a +1 helmet (worn)
 w - a +0 plate armour (worn)
 y - a cursed +0 buckler (worn)
 D - a +0 cloak (worn)
Jewellery
 a - a +5 amulet of reflection (around neck)
 g - a +6 ring of slaying (right claw)
 n - a ring of positive energy (left claw)
Wands
 F - a wand of lightning (5/15)
Scrolls
 b - 4 scrolls of enchant weapon {unknown}
 i - 4 scrolls of teleportation
 j - 2 scrolls of amnesia
 k - 2 scrolls of recharging {unknown}
 p - 4 scrolls of remove curse
 q - 7 scrolls of identify
 r - a scroll of enchant armour
 s - a scroll of holy word {unknown}
 u - 3 scrolls of blinking {unknown}
 I - a scroll of acquirement {unknown}
Potions
 e - a potion of curing
 l - a potion of ambrosia {unknown}
 o - 2 potions of lignification {unknown}
 t - 2 potions of heal wounds {unknown}
 v - a potion of berserk rage {unknown}
 x - a potion of brilliance {unknown}
 z - a potion of haste {unknown}
 A - 2 potions of mutation {unknown}
 E - a potion of flight {unknown}
Books
 G - a book of Battle

   Spells                             Type                      Level
   a - Infusion                       Charms                       1
   b - Shroud of Golubria             Charms/Translocation         2
   c - Song of Slaying                Charms                       2
   d - Spectral Weapon                Hexes/Charms                 3
   e - Regeneration                   Charms/Necromancy            3
 H - a book of the Warp

   Spells                             Type                      Level
   a - Gell's Gravitas                Translocation                3
   b - Portal Projectile              Hexes/Translocation          3
   c - Force Lance                    Conjuration/Translocation    4
   d - Dispersal                      Translocation                6
   e - Controlled Blink               Translocation                8
   f - Disjunction                    Translocation                8
Comestibles
 f - 13 bread rations
 h - 6 meat rations
 m - 7 fruits
 B - 3 royal jellies


   Skills:
 + Level 3.9 Fighting
   Level 3.1 Long Blades
 + Level 2.0 Throwing
 + Level 6.7 Armour
 + Level 3.8 Dodging
 + Level 2.0 Stealth
 + Level 4.3 Shields
 * Level 12.2 Unarmed Combat


You had 10 spell levels left.
You didn't know any spells.

Dungeon Overview and Level Annotations

Branches:
Dungeon (10/15)            Temple (0/1) D:5             Orc (0/2) D:9
   Lair: D:8-11

Altars:
Dithmenos
Okawaru
Beogh

Shops:
D:8 (   D:10 :


Innate Abilities, Weirdness & Mutations

You have very sharp fingernails.
You are partially covered in yellow scales. (AC +2)
You are mostly covered in sharp spines.
Your magical and physical power is slightly enhanced at high health.
You are immune to rotting.


Message History

You enter the shallow water.
Moving in this stuff is going to be slow.
The electric eel shoots out a bolt of lightning at you!
The bolt of electricity hits you! x2
The electric eel shoots out a bolt of lightning at you!
The bolt of electricity hits you!
* * * LOW HITPOINT WARNING * * *
The bolt of electricity hits you!
* * * LOW HITPOINT WARNING * * *
The electric eel shoots out a bolt of lightning at you!
The bolt of electricity hits you!
* * * LOW HITPOINT WARNING * * *
The bolt of electricity hits you!
* * * LOW HITPOINT WARNING * * *
You feel better.
The electric eel shoots out a bolt of lightning at you!
The bolt of electricity hits you!
* * * LOW HITPOINT WARNING * * *
The bolt of electricity hits you!
You die...

######### ###
........# ##∩≈##
........# ##..≈≈##
........######≈.≈≈≈≈##
................≈≈≈≈≈#
........#####≈≈@;≈≈≈≈#
....≈........!≈≈≈≈≈≈##
....≈≈≈..###.###≈≈≈≈.#
...≈≈≈≈≈.# #..###≈≈###
..≈≈≈≈≈≈≈####.######
.≈≈≈≈≈≈≈≈≈###.#≈##.
≈≈≈≈≈≈≈≈≈≈≈...≈≈≈..
.≈≈≈≈≈≈≈≈≈#.#≈≈≈≈≈.
..(≈≈≈≈≈≈.#.≈≈≈≈≈≈.


You could see an electric eel.

Vanquished Creatures
  3 two-headed ogres
  The ghost of acwest the Cleaver, a novice FoFi of Wu Jian (D:7)
  The ghost of christhawk the Vandal, a novice HaFi (D:5)
  A troll (D:10)
  2 hippogriffs
  A spriggan (D:7)
  The ghost of MetaCosm the Chucker, an amateur OgHu of Okawaru (D:4)
  Menkaure (D:7)
  A water moccasin (D:6)
  An orc warrior (D:6)
  2 sky beasts
  5 ice beasts
  A phantom (D:6)
  4 centaurs
  3 ogres
  2 big kobolds (D:6)
  A bullfrog (D:8)
  8 gnoll sergeants (Bailey)
  2 scorpions
  2 howler monkeys
  5 wights
  3 electric eels (D:10)
  4 crimson imps
  A bullfrog zombie (D:9)
  2 quasits
  6 orc priests
  A bullfrog skeleton (D:7)
  8 hounds
  A centaur zombie (D:7)
  6 gnoll shamans (Bailey)
  A jelly (D:9)
  7 orc wizards
  3 iguanas
  6 worker ants
  2 killer bee zombies
  A hound zombie (D:7)
  A worker ant zombie (D:8)
  Robin (D:4)
  22 gnolls
  9 adders
  3 shadow imps
  An ooze (D:2)
  2 adder skeletons (D:8)
  A worm (D:3)
  5 dart slugs
  4 leopard geckos
  19 orcs
  8 bats
  7 giant cockroaches
  9 hobgoblins
  10 jackals
  3 quokkas
  A ball python (D:3)
  7 frilled lizards
  19 goblins
  13 kobolds
  2 leopard gecko skeletons
  A quokka skeleton (D:9)
  10 rats
258 creatures vanquished.

Vanquished Creatures (others)
  A centaur (D:10)
  A kobold (D:7)
2 creatures vanquished.

Grand Total: 260 creatures vanquished

Notes
Turn   | Place    | Note
-------+----------+-------------------------------------------
     0 | D:1      | polly the Demonspawn Gladiator began the quest for the Orb.
     0 | D:1      | Reached XP level 1. HP: 16/16 MP: 1/1
   201 | D:1      | Gained mutation: You have sharp fingernails. [demonic ancestry]
   201 | D:1      | Reached XP level 2. HP: 18/22 MP: 2/2
   956 | D:2      | Reached skill level 1 in Unarmed Combat
   969 | D:2      | Reached XP level 3. HP: 21/27 MP: 3/3
  1198 | D:2      | Found a faded altar of an unknown god.
  1565 | D:2      | Reached skill level 2 in Unarmed Combat
  1565 | D:2      | Gained mutation: You are partially covered in sharp spines. [demonic ancestry]
  1565 | D:2      | Reached XP level 4. HP: 32/34 MP: 4/4
  1935 | D:2      | You fall through a shaft for 2 floors!
  1979 | D:4      | Reached skill level 1 in Armour
  1979 | D:4      | Reached skill level 3 in Unarmed Combat
  1983 | D:4      | Reached XP level 5. HP: 24/39 MP: 5/5
  2429 | D:4      | Noticed MetaCosm's ghost (amateur OgHu)
  2674 | D:3      | Found an iron altar of Okawaru.
  2675 | D:3      | Gained mutation: You are immune to rotting. [demonic ancestry]
  2675 | D:3      | Reached XP level 6. HP: 46/46 MP: 6/6
  2676 | D:3      | Reached skill level 4 in Unarmed Combat
  2686 | D:3      | Became a worshipper of Warmaster Okawaru
  3062 | D:4      | Killed MetaCosm's ghost
  3160 | D:4      | Noticed Robin
  3169 | D:4      | Reached * piety under Okawaru
  3169 | D:4      | Reached skill level 5 in Unarmed Combat
  3176 | D:4      | Killed Robin
  3181 | D:4      | Gained mutation: You are partially covered in yellow scales. (AC +2) [demonic ancestry]
  3181 | D:4      | Reached XP level 7. HP: 13/51 MP: 7/7
  3431 | D:4      | Found a shadowy altar of Dithmenos.
  3865 | D:5      | Entered Level 5 of the Dungeon
  4055 | D:5      | Noticed christhawk's ghost (novice HaFi)
  4825 | D:5      | Killed christhawk's ghost
  4825 | D:5      | Reached ** piety under Okawaru
  4825 | D:5      | Reached skill level 6 in Unarmed Combat
  4873 | D:5      | Reached XP level 8. HP: 56/58 MP: 8/8
  5033 | D:5      | Found a staircase to the Ecumenical Temple.
  5131 | D:6      | Reached skill level 7 in Unarmed Combat
  5652 | D:6      | Found a shadowy altar of Dithmenos.
  6193 | D:7      | Reached skill level 8 in Unarmed Combat
  6378 | D:7      | Reached skill level 1 in Shields
  6387 | D:7      | Reached *** piety under Okawaru
  6387 | D:7      | Gained mutation: You are mostly covered in sharp spines. [demonic ancestry]
  6387 | D:7      | Reached XP level 9. HP: 50/64 MP: 9/9
  6473 | D:7      | Noticed acwest's ghost (novice FoFi)
  6633 | D:6      | Reached skill level 5 in Armour
  7256 | D:7      | Killed acwest's ghost
  7256 | D:7      | Reached **** piety under Okawaru
  7256 | D:7      | Reached skill level 9 in Unarmed Combat
  7679 | D:7      | Noticed Menkaure
  7826 | D:7      | Killed Menkaure
  8250 | D:7      | Reached skill level 10 in Unarmed Combat
  8509 | D:8      | Noticed a two-headed ogre
  8523 | D:8      | Killed a two-headed ogre
  8523 | D:8      | Reached ***** piety under Okawaru
  8523 | D:8      | Gained mutation: Your magical and physical power is slightly enhanced at high health. [demonic ancestry]
  8523 | D:8      | Reached XP level 10. HP: 31/71 MP: 10/10
  8742 | D:8      | Noticed a two-headed ogre
  8751 | D:8      | Killed a two-headed ogre
  8751 | D:8      | Received a gift from Okawaru
  8751 | D:8      | Reached skill level 1 in Stealth
  8835 | D:8      | Reached skill level 11 in Unarmed Combat
  8872 | D:8      | Found Cuokk's Weapon Emporium.
  9295 | D:9      | Found a staircase to the Orcish Mines.
  9311 | D:9      | Found a roughly hewn altar of Beogh.
  9482 | D:9      | Noticed a two-headed ogre
  9489 | D:9      | Killed a two-headed ogre
  9604 | D:9      | Found a flagged portal.
  9613 | Bailey   | Entered a bailey
 10712 | D:10     | Entered Level 10 of the Dungeon
 10727 | D:10     | Reached skill level 12 in Unarmed Combat
 10776 | D:10     | Gained mutation: You have very sharp fingernails. [demonic ancestry]
 10776 | D:10     | Reached XP level 11. HP: 64/76 MP: 11/11
 11406 | D:10     | Found Peseedud's Book Shop.
 11410 | D:10     | Killed from afar by an electric eel

Vault maps used:
D:1:      minmay_arrival_stair_chambers, minivault_5
D:2:      chequers_ecumenical_altar_twisty, serial_bayou_lagoon_b
D:3:      okawaru_gym_becter
D:4:      first_bread, nicolae_dithmenos_shadow_blocks, uniq_robin
D:5:      lemuel_temple_firewalk_b, minmay_misc_feat_secret_circle
D:6:      kennysheep_mini
D:7:      the_bakery, uniq_menkaure
D:8:      serial_shops, nicolae_shop_behind_doors
D:9:      minmay_orc_entry_temple_small, enter_bailey_3,
          grunt_decor_mini_mirrors
D:10:     lair_entry_dummy, serial_shops, shop
Bailey:   bailey_polearm_gnolls_kennysheep, bailey

Skill      XL: |  1  2  3  4  5  6  7  8  9 10 |
---------------+-------------------------------+-----
Long Blades    | 3 |  3.1
Dodging        | 3 |  3.8
Unarmed Combat | 1 2 3 5 6 8 10 12 | 12.2
Armour         | 1 2 3 4 6 |  6.7
Fighting       | 3 |  3.9
Shields        | 1 3 4 |  4.3
Throwing       | 2 |  2.0
Stealth        | 2 |  2.0

Action                   |  1- 3 |  4- 6 |  7- 9 | 10-12 || total
-------------------------+-------+-------+-------+-------++-------
Melee: Long sword        |    20 |       |       |       ||    20
       Unarmed           |   139 |   150 |   393 |   193 ||   875
       Punch             |       |     4 |     4 |       ||     8
Throw: Throwing net      |       |       |     3 |     2 ||     5
Invok: Heroism           |       |       |       |     1 ||     1
Evoke: Wand              |       |       |       |     1 ||     1
  Use: Scroll            |     6 |       |     1 |       ||     7
       Potion            |       |     1 |     3 |     4 ||     8
 Stab: Held in net/web   |       |       |     2 |     2 ||     4
  Eat: Chunk             |     2 |     6 |    11 |    10 ||    29
       Royal jelly       |       |       |     2 |       ||     2
       Fruit             |       |       |     1 |       ||     1
Armor: Leather armour    |    27 |       |       |       ||    27
       Scale mail        |    63 |    59 |    17 |       ||   139
       Plate armour      |       |       |   182 |    78 ||   260
Dodge: Dodged            |    78 |    84 |    77 |    63 ||   302
Block: Buckler           |       |       |    81 |   124 ||   205
       Other             |       |       |    15 |       ||    15
       Reflection        |       |       |     3 |     6 ||     9
       Rpst.: Long sword |     6 |       |       |       ||     6
